 Dungeon Crawl Stone Soup version 0.28-a0-297-g99b01970c5 (webtiles) character file.

Game seed: 4238329622671313056

12 McIrco the Chopper (level 2, -1/24 HPs)
             Began as a Human Cinder Acolyte on Aug 29, 2021.
             Was a High Priest of Ignis.
             Slain by a hobgoblin (3 damage)
             ... on level 5 of the Dungeon.
             The game lasted 00:01:12 (1418 turns).

McIrco the Chopper (Human Cinder Acolyte)           Turns: 1418, Time: 00:01:12

Health: -1/24      AC:  3    Str: 15    XL:     2   Next: 45%
Magic:  3/3        EV: 11    Int: 13    God:    Ignis [*****.]
Gold:   65         SH:  0    Dex:  8    Spells: 2/3 levels left

rFire   + . .      SeeInvis .   a - -1 hand axe (flame)
rCold   . . .      Faith    .   (no shield)
rNeg    . . .      Spirit   .   b - +0 robe
rPois   .          Reflect  .   c - +0 helmet
rElec   .          Harm     .   (no cloak)
rCorr   .          Rampage  .   (no gloves)
Will    .....                   (no boots)
Stlth   +.........              (no amulet)
HPRegen 0.08/turn               (no ring)
MPRegen 0.08/turn               (no ring)

@: no status effects
A: no striking features
a: Renounce Religion, Sea of Fire, Foxfire Swarm, Rising Flame


You were on level 5 of the Dungeon.
You worshipped Ignis.
Ignis was extremely pleased with you.
You visited 1 branch of the dungeon, and saw 6 of its levels.

You collected 65 gold pieces.

Inventory:

Hand Weapons
 a - a -1 hand axe of flaming (weapon)
Armour
 b - a +0 robe (worn)
 c - a +0 helmet (worn)
Jewellery
 g - an amulet of reflection
Scrolls
 f - a scroll of magic mapping {unknown}
Potions
 d - a potion of lignification {unknown}
 e - 2 potions of degeneration {unknown}
 h - a potion of heal wounds {unknown}


   Skills:
 + Level 3.2 Fighting
 - Level 3.4 Axes
 + Level 0.1 Dodging
 - Level 1.0 Spellcasting
 - Level 1.0 Fire Magic


You had 2 spell levels left.
You knew the following spells:

 Your Spells              Type           Power      Damage    Failure   Level
a - Foxfire               Conj/Fire      4%         2x1d4     22%         1

Your spell library contained the following spells:

 Spells                   Type           Power      Damage    Failure   Level


Dungeon Overview and Level Annotations

Branches:
Dungeon (6/15)
 Temple: D:4-7

Altars:


Message History

There is a stone staircase leading up here.
You climb upwards.
There is a stone staircase leading down here.
There is a stone staircase leading down here.
There is a stone staircase leading up here.
You enter the shallow water.
Moving in this stuff is going to be slow.
A kobold comes into view. It is wielding a +0 dagger.
You enter the shallow water.
Moving in this stuff is going to be slow.
The kobold shouts!
You hear a shout!
A kobold comes into view. It is wielding a +0 club.
The kobold shouts!
You hear a shout!
A kobold comes into view. It is wielding a +0 club.
You hear a shout!
Found a stone staircase leading down.
A hobgoblin comes into view. It is wielding a +0 club.
The hobgoblin shouts!
You closely miss the hobgoblin. The hobgoblin completely misses you.
You hit the hobgoblin but do no damage. The hobgoblin hits you with a +0 club.
You closely miss the kobold. You barely miss the hobgoblin.
The hobgoblin hits you with a +0 club. The kobold hits you but does no damage.
You barely miss the kobold. You hit the hobgoblin. You burn the hobgoblin.
The hobgoblin closely misses you.
You closely miss the hobgoblin.
The hobgoblin is severely wounded.
You hit the kobold. You burn the kobold. The hobgoblin hits you with a +0 club!
The kobold closely misses you. The hobgoblin hits you with a +0 club.
* * * LOW HITPOINT WARNING * * *
You are too injured to fight recklessly!
Unknown command.
You are too injured to fight recklessly!
Okay, then.
Unknown command.
Flames leap up around you! The kobold hits you but does no damage.
The foxfire hits the kobold but does no damage.
The kobold hits you with a +0 club.
* * * LOW HITPOINT WARNING * * *
The hobgoblin hits you with a +0 club.
You die...

###### #########
#....# #......>#
#....######
#.......#
#.........##
#.......#
#....####..##
#.......# #..<.#
##..#
#...vvvv#####.##
##.>
#...vvvv##≈≈≈.####
###
#...vK@vv≈≈≈≈≈≈≈≈#
#...KKgvv≈≈≈≈≈≈###
#...vK####≈≈≈###
#..... #####
####.. .KK.. ###
#.....# #######


You could see a hobgoblin (ally target) and 4 kobolds.

Vanquished Creatures
  A worm (D:4)
  4 bats
  2 hobgoblins
  2 ball pythons
  A kobold (D:3)
10 creatures vanquished.

Vanquished Creatures (others)
  3 foxfires (D:6)
3 creatures vanquished.

Grand Total: 13 creatures vanquished

Notes
Turn   | Place    | Note
-------+----------+-------------------------------------------
     0 | D:1      | McIrco the Human Cinder Acolyte began the quest for the
                  | Orb.
     0 | D:1      | Reached XP level 1. HP: 18/18 MP: 2/2
   352 | D:3      | Reached XP level 2. HP: 16/24 MP: 3/3
  1266 | D:5      | Entered Level 5 of the Dungeon
  1351 | D:6      | Noticed a wight
  1418 | D:5      | Slain by a hobgoblin

Illustrated notes

Levels and vault maps discovered:
D:1:      lemuel_arrival_behind_the_door_small, layout_loops_corners
D:2:      layout_basic, serial_shops, nicolae_shop_stone, shop,
          dilly_ecumenical_altar_fadedgnrine
D:3:      layout_basic, minitemple
D:4:      layout_loops_cross
D:5:      cheibrodos_thug_alley, layout_rooms,
          mainiacjoe_overflow_cross_hatched, minmay_shop_enchanted_jewellery
D:6:      layout_loops_ring, mainiacjoe_overflow_big_doors,
          nicolae_overflow_hidden_temple, minmay_temple_entry_proselytizer,
          minmay_circle_x

Action                   || total
-------------------------++-------
Melee: Hand axe          ||    47
Invok: Foxfire Swarm     ||     2
Armor: Robe              ||    16
Dodge: Dodged            ||    36

Table legend: (Time is in decaauts)
 A = Elapsed time spent in this place.
 B = Non-inter-level travel time spent in this place.
 C = Inter-level travel time spent in this place.
 D = Time resting spent in this place.
 E = Time spent auto-exploring this place.
 F = Levels seen in this place.
 G = Mean time per level.
                   A        B        C        D        E       F      G
               +--------+--------+--------+--------+--------+-----+--------+
         Total |   1427 |   1325 |    102 |    183 |    965 |   6 |  237.8 |
       Dungeon |   1427 |   1325 |    102 |    183 |    965 |   6 |  237.8 |
               +--------+--------+--------+--------+--------+-----+--------+

Top non-repeatable levels by time:
     D:3: 675 daAuts
     D:4: 291 daAuts
     D:1: 164 daAuts
     D:2: 138 daAuts
     D:5: 91 daAuts
     D:6: 64 daAuts
